 Dungeon Crawl Stone Soup version 0.22.0 (webtiles) character file.

153 Blackhawk the Skirmisher (level 5, -2/42 HPs)
             Began as a Formicid Abyssal Knight on Oct 28, 2018.
             Was a Believer of Lugonu.
             Slain by an orc (4 damage)
             ... on level 3 of the Dungeon.
             The game lasted 00:04:28 (2755 turns).

Blackhawk the Skirmisher (Formicid Abyssal Knight)  Turns: 2755, Time: 00:04:28

Health: -2/42      AC:  4    Str: 17    XL:     5   Next: 61%
Magic:  7/7        EV: 12    Int: 12    God:    Lugonu [**....]
Gold:   91         SH:  0    Dex: 10    Spells: 4/4 levels left

rFire    x . .     SeeInvis +   a - +1 mace
rCold    + . .     Gourm    .   (no shield)
rNeg     . . .     Faith    .   b - +0 leather armour
rPois    .         Spirit   .   (helmet unavailable)
rElec    .         Reflect  .   (no cloak)
rCorr    .         Harm     .   m - +0 pair of gloves
MR       .....                  (no boots)
Stlth    +.........             (no amulet)
HPRegen  0.14/turn              h - ring of ice
MPRegen  0.10/turn              (no ring)

@: no status effects
A: permanent stasis, dig shafts and tunnels, four strong arms, antennae 3
a: Dig, Shaft Self, Depart the Abyss, Bend Space, Renounce Religion


You were on level 3 of the Dungeon.
You worshipped Lugonu.
Lugonu was pleased with you.
You were not hungry.

You visited 1 branch of the dungeon, and saw 3 of its levels.
You visited the Abyss 1 time.

You collected 91 gold pieces.

Inventory:

Hand Weapons
 a - a +1 mace (weapon)
Missiles
 o - 4 throwing nets (quivered)
Armour
 b - a +0 leather armour (worn)
 m - a +0 pair of gloves (worn)
Jewellery
 h - a ring of ice (left hand)
Scrolls
 d - 2 scrolls of magic mapping {unknown}
 e - 12 scrolls of identify {unknown}
 f - a scroll of noise {unknown}
 g - a scroll of amnesia {unknown}
 i - 2 scrolls of enchant armour {unknown}
 l - a scroll of fog {unknown}
 n - a scroll of teleportation {unknown}
Potions
 k - a potion of agility {unknown}
 p - a potion of mutation {unknown}
 q - a potion of might {unknown}
Comestibles
 c - 4 rations
 j - a chunk of flesh


   Skills:
 + Level 4.0 Fighting
 + Level 3.0 Maces & Flails
 + Level 3.2 Armour
 + Level 2.1 Dodging
 + Level 3.3 Invocations


You had 4 spell levels left.
You didn't know any spells.
Your spell library contained the following spells:

 Spells                   Type           Power        Failure   Level  Hunger
 Mephitic Cloud           Conj/Pois/Air  #.......     75%         3    ####...
 Venom Bolt               Conj/Pois      #.........   100%        5    ######.
 Olgreb's Toxic Radiance  Pois           #.......     98%         4    #####..
 Sting                    Conj/Pois      #...         36%         1    ##.....
 Poisonous Vapours        Pois/Air       #.....       52%         2    ###....


Dungeon Overview and Level Annotations

Branches:
Dungeon (3/15)

Altars:
Trog


Innate Abilities, Weirdness & Mutations

You cannot be hasted, slowed, berserked, paralysed or teleported.
You can dig through walls and to a lower floor.
Your four strong arms can wield two-handed weapons with a shield.
You have a pair of large antennae on your head. (SInv)


Message History

* * * LOW HITPOINT WARNING * * *
The orc wizard barely misses you.
You hit the orc wizard.
The orc wizard is severely wounded.
The orc barely misses you. The orc misses you.
The orc wizard hits you with a dagger.
* * * LOW HITPOINT WARNING * * *
You hit the orc wizard.
You kill the orc wizard!
Lugonu accepts your kill.
Your Maces & Flails skill increases to level 3!
The orc closely misses you. The orc misses you. The orc barely misses you.
You hit the orc.
The orc is severely wounded.
The orc hits you with a morningstar.
* * * LOW HITPOINT WARNING * * *
The orc hits you with a hand axe.
* * * LOW HITPOINT WARNING * * *
The orc hits you.
You die...

.# ##.$ ##.# #..!
#######.. ..#
.....?.$###?#
#########.##..###...
...(....{....{..oo.#
#######...#.####o...
#....)..####o# . .#
#.####.## #@##
...###.##...#
#oo...>..
#.^<.....###
....##### ####..####
....## .....# !###.#
......... ## .#
#.###.#..# .# .
{....## ## ##.#..{ {


You could see 3 orcs.

Vanquished Creatures
  An orc priest (D:3)
  An orc wizard (D:3)
  2 dart slugs (D:1)
  3 leopard geckos (D:2)
  8 bats
  16 giant cockroaches
  10 goblins
  10 hobgoblins
  2 jackals (D:1)
  11 kobolds
  A quokka (D:2)
  A ball python (D:2)
  8 frilled lizards
  9 rats
83 creatures vanquished.

Notes
Turn   | Place    | Note
-------+----------+-------------------------------------------
     0 | Abyss:1  | Blackhawk the Formicid Abyssal Knight began the quest for the Orb.
     0 | Abyss:1  | Reached XP level 1. HP: 18/18 MP: 2/2
    49 | Abyss:1  | Found a corrupted altar of Lugonu.
    80 | Abyss:1  | Noticed a neqoxec
    85 | Abyss:1  | Noticed a hungry ghost
    87 | D:1      | Escaped the Abyss
   117 | D:1      | Reached skill level 1 in Dodging
   131 | D:1      | Reached XP level 2. HP: 4/24 MP: 3/3
   635 | D:1      | Reached * piety under Lugonu
   637 | D:1      | Reached XP level 3. HP: 29/29 MP: 4/4
  1492 | D:2      | Reached XP level 4. HP: 28/37 MP: 6/6
  1677 | D:2      | Found a bloodstained altar of Trog.
  1959 | D:2      | Reached ** piety under Lugonu
  2510 | D:2      | Reached XP level 5. HP: 24/42 MP: 7/7
  2747 | D:3      | Reached skill level 4 in Fighting
  2755 | D:3      | HP: 2/42 [orc/hand axe (3)]
  2755 | D:3      | Slain by an orc

Skill      XL: |  1  2  3  4  5 |
---------------+----------------+-----
Dodging        | 1 2 |  2.1
Invocations    | 3 |  3.3
Armour         | 3 |  3.2
Fighting       | 4 |  4.0
Maces & Flails | 3 |  3.0

Action                   |  1- 3 |  4- 6 || total
-------------------------+-------+-------++-------
Melee: Mace              |    99 |   152 ||   251
Invok: Depart the Abyss  |     1 |       ||     1
 Abil: Dig               |       |     1 ||     1
  Eat: Chunk             |     2 |     4 ||     6
Armor: Leather armour    |    43 |    78 ||   121
Dodge: Dodged            |    76 |   172 ||   248
